 Dungeon Crawl Stone Soup version 0.25-a0-591-g2ad0d861f1 (webtiles) character file.

Game seed: 12530302015153452541, levelgen mode: deterministic

121904 Esekla the Eclecticist (level 16, -5/70 HPs)
             Began as a Spriggan Artificer on Mar 12, 2020.
             Was an Initiate of Gozag.
             Splashed by an acid blob's acid (7 damage)
             ... on level 6 of the Lair of Beasts on Mar 13, 2020.
             The game lasted 07:45:40 (50743 turns).

Esekla the Eclecticist (Spriggan Artificer)        Turns: 50743, Time: 07:45:44

Health: -5/70      AC: -4    Str:  8    XL:     16   Next: 33%
Magic:  21/37      EV: 30    Int: 17    God:    Gozag
Gold:   10009      SH:  2    Dex: 26    Spells: 9/48 levels left

rFire    + . .     SeeInvis +   x - +10 falchion "Jeron" {flame, MR+ Dex+7}
rCold    + . .     Gourm    .   (shield restricted)
rNeg     . . .     Faith    .   O - +0 acid dragon scales
rPois    .         Spirit   .   (helmet restricted)
rElec    .         Reflect  +   u - +1 cloak {MR+}
rCorr    +         Harm     .   (gloves unavailable)
MR       ++++.     Clarity  +   (boots unavailable)
Stlth    ++++......             p - +2 amulet of reflection
HPRegen  0.21/turn              t - ring of protection from fire
MPRegen  0.25/turn              L - ring of wizardry

@: about to teleport, corroded, very slightly contaminated, very quick
A: very small, unfitting armour, see invisible, clarity, cold resistance 1,
herbivore, speed 3, slow metabolism 2
a: Potion Petition, Call Merchant, Bribe Branch, Renounce Religion


You were on level 6 of the Lair of Beasts.
You worshipped Gozag.
Gozag was extremely pleased with you.
You were hungry.

You visited 6 branches of the dungeon, and saw 26 of its levels.
You also visited: Ice Cave.

You collected 11530 gold pieces.
You spent 1412 gold pieces at shops.
You paid 109 gold pieces to Gozag.

Inventory:

Hand Weapons
 x - the +10 falchion "Jeron" (weapon) {flame, MR+ Dex+7}
   (You bought it in a shop on level 6 of the Dungeon)

   It has been specially enchanted to burn those struck by it, causing extra
   injury to most foes and up to half again as much damage against particularly
   susceptible opponents.
   Big, fiery blades are also staple armaments of hydra-hunters.
   It affects your dexterity (+7).
   It affects your resistance to hostile enchantments.
 E - a +4 vampiric long sword
 H - a +2 scimitar of freezing
 P - the +9 lance "Wyrmbane" {slay drac, rPois rF+ rC+ AC+3}
   (You took it off Maggie on level 10 of the Dungeon)

   It affects your AC (+3).
   It protects you from fire.
   It protects you from cold.
   It protects you from poison.
 X - a +1 long sword of electrocution
Missiles
 n - 11 curare-tipped darts
 r - 24 boomerangs (quivered)
 w - 46 poisoned darts
 z - 4 boomerangs of dispersal
Armour
 u - a +1 cloak of magic resistance (worn)
 O - +0 acid dragon scales (worn)
 Q - a +2 robe of the Archmagi
Jewellery
 a - a cursed amulet of inaccuracy {unknown}
 b - an uncursed amulet of the acrobat
 k - an uncursed ring of protection from fire
 p - a +2 amulet of reflection (around neck)
 t - a ring of protection from fire (left hand)
 I - an uncursed amulet of guardian spirit
 L - a ring of wizardry (right hand)
 Y - an uncursed ring of protection from cold
Wands
 c - a wand of flame (60)
 g - a wand of iceblast (17)
 i - a wand of acid (34)
 m - a wand of disintegration (33)
 v - a wand of digging (3)
 y - a wand of scattershot (1)
 C - a wand of paralysis (43)
 F - a wand of clouds (5)
 R - a wand of polymorph (28)
Scrolls
 j - 9 scrolls of teleportation
 A - 4 scrolls of remove curse
 B - 2 scrolls of vulnerability
 D - 3 scrolls of magic mapping
 K - 4 scrolls of identify
 N - 4 scrolls of blinking
 T - a scroll of holy word
 V - a scroll of fear
Potions
 d - 2 potions of berserk rage
 h - 2 potions of invisibility
 l - a potion of cancellation
 o - 3 potions of lignification
 q - 2 potions of curing
 s - 3 potions of flight
 J - a potion of magic
 M - 3 potions of brilliance
 S - a potion of haste
 U - 2 potions of stabbing
 W - a potion of might
Comestibles
 f - 20 rations


   Skills:
 - Level 2.0 Fighting
   Level 9.8(12.6) Short Blades
 * Level 10.3(11.2) Long Blades
 - Level 2.2 Throwing
 + Level 12.7 Dodging
 - Level 7.2 Stealth
 * Level 16.6 Spellcasting
 + Level 5.1 Conjurations
 * Level 6.1 Hexes
 * Level 7.4 Summonings
 + Level 4.9 Translocations
 + Level 4.2 Fire Magic
 + Level 10.6 Air Magic
 * Level 0.9 Earth Magic
 - Level 6.3 Poison Magic
 - Level 4.0 Evocations


You had 9 spell levels left.
You knew the following spells:

 Your Spells              Type           Power        Failure   Level  Hunger
a - Apportation           Tloc           ####..       1%          1    None
b - Blink                 Tloc           N/A          1%          2    None
c - Mephitic Cloud        Conj/Pois/Air  #####...     1%          3    None
d - Magic Dart            Conj           ####         1%          1    None
e - Tukima's Dance        Hex            ####....     1%          3    None
f - Conjure Flame         Conj/Fire      ####....     1%          3    None
i - Invisibility          Hex            ####....     34%         6    #####..
j - Aura of Abjuration    Summ           #####.....   4%          5    ###....
l - Summon Lightning Spi  Summ/Air       #####...     1%          4    None
m - Bolt of Magma         Conj/Fire/Erth ####......   21%         5    ###....
v - Poisonous Vapours     Pois/Air       #####.       1%          2    None
x - Olgreb's Toxic Radia  Pois           #####...     2%          4    None

Your spell library contained the following spells:

 Spells                   Type           Power        Failure   Level  Hunger
 Corona                   Hex            ####...      1%          1    None
 Sting                    Tmut/Pois      ###.         1%          1    None
 Summon Butterflies       Summ           #####...     1%          1    None
 Summon Small Mammal      Summ           ####         1%          1    None
 Call Imp                 Summ           #####...     1%          2    None
 Slow                     Hex            ####....     1%          2    None
 Call Canine Familiar     Summ           #####...     1%          3    None
 Lesser Beckoning         Tloc           ####......   1%          3    None
 Recall                   Summ/Tloc      N/A          1%          3    None
 Summon Guardian Golem    Hex/Summ       #####...     1%          3    None
 Ignite Poison            Fire/Tmut/Pois ####....     2%          3    None
 Animate Skeleton         Necr           N/A          3%          1    None
 Summon Demon             Summ           #####.....   4%          5    ###....
 Summon Mana Viper        Hex/Summ       #####...     5%          5    ###....
 Summon Ice Beast         Ice/Summ       ####....     7%          4    None
 Summon Forest            Summ/Tloc      #####.....   7%          5    ###....
 Alistair's Intoxication  Tmut/Pois      ###.....     22%         5    ###....
 Shadow Creatures         Summ           N/A          22%         6    #####..
 Iskenderun's Battlesphe  Conj/Chrm      ###.....     28%         5    ###....
 Iron Shot                Conj/Erth      ###.......   77%         6    #####..
 Spellforged Servitor     Conj/Summ      #####.....   86%         7    ######.
 Orb of Destruction       Conj           ####......   95%         7    ######.


Dungeon Overview and Level Annotations

Branches:
Dungeon (15/15)            Temple (1/1) D:7            Lair (6/6) D:9
  Swamp (1/4) Lair:3       Spider (1/4) Lair:2        Slime (0/5) Lair:6
    Orc (2/2) D:12            Elf (0/3) Orc:2        Vaults (0/5) D:13
 Depths (0/5) D:15          IceCv (visited)

Altars:
Ashenzari
Cheibriados
Dithmenos
Elyvilon
Fedhas
Gozag
Hepliaklqana
Kikubaaqudgha
Makhleb
Nemelex Xobeh
Okawaru
Qazlal
Ru
Sif Muna
Trog
Uskayaw
Vehumet
Wu Jian
Xom
Yredelemnul
Zin
The Shining One
Beogh
Jiyva

Shops:
D:4 :   D:6 (   D:7 !   D:10 (   D:13 (   Orc:2 :([?

Portals:
Trove: D:11 (show slimy rune of Zot)

Annotations:
D:10 robby's ghost, journeyman GrEE
Lair:4 Juxtaluv's ghost, journeyman DrCj


Innate Abilities, Weirdness & Mutations

You are very small and have problems with some larger weapons.
You are too small for most types of armour.
You have supernaturally acute eyesight. (SInv)
You are a herbivore.
You cover ground extremely quickly.
You need to consume almost no food.
You possess an exceptional clarity of mind.
Your flesh is cold resistant. (rC+)


Message History

* * * LOW HITPOINT WARNING * * *
Casting: Bolt of Magma (quite dangerous; 21% risk of failure)
Confirm with . or Enter, or press ? or * to list all spells.
Okay, then.
Casting: Bolt of Magma (quite dangerous; 21% risk of failure)
Confirm with . or Enter, or press ? or * to list all spells.
You blink.
Casting: Blink (safe; 1% risk of failure)
Confirm with . or Enter, or press ? or * to list all spells.
Aiming: Summon Lightning Spire (safe; 1% risk of failure)
Press: ? - help, Dir - move target cursor An electric hum fills the air.
As you read the scroll of teleportation, it crumbles to dust.
You feel strangely unstable. The acid blob spits acid at you.
The splash of acid hits you! You resist.
* * * LOW HITPOINT WARNING * * *
The acid corrodes you!
You are splashed with acid!
You resist.
You die...
Your body crumbles into a pile of gold.

#....#..##P#......
#................#
#.................
#.................
##................
#....[###.........
##...P.###.......#
##..8..J..##.#)...#
#.@...##.....######
###...#.#.J..#...#
#...+.....ยง.'_.>#
##...####.P..#...#
#....# ###P.######
#....#########.....
#....#.....##......
##.................
#####..#.##...#...


You could see an acid blob and a friendly lightning spire.

Vanquished Creatures
  Jorgrun (Orc:2)
  Frances (D:14)
  Agnes (D:14)
  2 orc warlords
  Nessos (D:14)
  Josephine (Lair:4)
  An ettin (Orc:2)
  Snorg (D:10)
  A fire dragon (D:14)
  Harold (D:11)
  2 vault guards
  9 hydras
  An anaconda (Lair:5)
  A two-headed ogre (D:10)
  2 centaur warriors (D:15)
  2 tengu warriors (D:15)
  4 death yaks (Lair:6)
  A deep troll earth mage (D:11)
  3 orc high priests (Orc:2)
  Nergalle (D:10)
  Sonja (Lair:1)
  3 unseen horrors
  4 wizards
  2 lindwurms (Lair:6)
  5 orb spiders (Spider:1)
  2 wolf spiders
  2 orc sorcerers
  7 cyclopes
  A wolf spider zombie (D:14)
  A deep elf mage (D:13)
  4 manticores
  2 centaur zombies
  26 ugly things
  Joseph (D:7)
  Maurice (D:10)
  14 elephants
  2 black mambas (Lair:6)
  2 ice statues (IceCv)
  6 spiny frogs
  2 torpor snails
  Maggie (D:10)
  7 komodo dragons
  A kobold demonologist (D:14)
  3 demonic crawlers (Spider:1)
  A redback zombie (D:13)
  3 rime drakes
  3 yaktaurs (D:13)
  A harpy zombie (D:15)
  4 trolls
  2 tengu conjurers (D:14)
  5 jumping spiders
  2 tyrant leeches
  7 polar bears
  A hornet (D:11)
  4 raiju (Lair:6)
  11 hippogriffs
  19 blink frogs
  9 slime creatures
  A meliai zombie (D:12)
  A bog body (Lair:3)
  2 dream sheep (Lair:6)
  10 redbacks
  5 wraiths (Lair:4)
  5 tarantellas
  A wyvern (D:12)
  3 shadows
  3 basilisks
  10 humans
  47 yaks
  3 hogs (D:7)
  2 hungry ghosts
  2 steam dragons
  The ghost of Rotter5 the Grave Robber, an amateur DsNe (D:3)
  2 swamp worms (Lair:4)
  A soldier ant (D:12)
  7 hell hounds (Lair:6)
  8 wargs
  12 water moccasins
  8 porcupines
  46 orc warriors
  A sky beast (shapeshifter) (D:14)
  15 ice beasts
  10 black bears
  An ice beast (shapeshifter) (D:13)
  A phantom (D:3)
  A necrophage (D:6)
  21 ogres
  A sky beast (D:12)
  10 wolves (Lair:6)
  8 centaurs
  11 crocodiles
  2 big kobolds
  19 bullfrogs
  A wyvern zombie (D:14)
  3 scorpions
  7 wights
  15 killer bees
  4 howler monkeys
  4 crimson imps
  A bullfrog zombie (D:11)
  3 hounds
  4 jellies
  Crazy Yiuf (D:4)
  5 bullfrog skeletons
  23 orc priests
  44 orc wizards
  4 centaur skeletons
  6 iguanas
  11 worker ants
  A hound skeleton (D:11)
  A howler monkey zombie (D:6)
  14 gnolls
  4 adders
  A shadow imp (D:8)
  An adder skeleton (D:9)
  2 adder zombies
  3 worms
  A dart slug (D:5)
  5 leopard geckos
  111 orcs
  2 ball pythons
  8 bats
  10 giant cockroaches
  9 hobgoblins
  5 jackals (D:6)
  13 kobolds
  6 quokkas
  3 frilled lizards
  5 goblins
  2 jackal skeletons
  2 leopard gecko skeletons
  5 rats
840 creatures vanquished.

Vanquished Creatures (collateral kills)
  Rupert (Lair:3)
  Louise (D:14)
  A dire elephant (D:15)
  An ogre mage (D:15)
  A vault guard (D:13)
  2 catoblepae
  A two-headed ogre (D:12)
  Urug (D:11)
  A lindwurm (Lair:6)
  A necromancer (D:13)
  A manticore (D:15)
  5 ugly things
  A deep elf mage (D:14)
  2 cyclopes (D:11)
  An elephant (Lair:6)
  An ice statue (IceCv)
  A gargoyle (D:14)
  A naga mage (D:15)
  A centaur zombie (D:14)
  A freezing wraith (D:15)
  An efreet (D:15)
  A rime drake (Lair:6)
  2 spiny frogs
  A yaktaur (D:13)
  A tengu conjurer (D:15)
  A troll (D:15)
  3 polar bears (Lair:6)
  2 slime creatures (D:13)
  A vampire (D:15)
  A yak (Lair:4)
  8 humans (D:13)
  A basilisk (D:15)
  A warg (Lair:6)
  An acid dragon (D:13)
  6 hell hounds (Lair:6)
  2 black bears (Lair:6)
  3 wolves (Lair:6)
  2 wights
  A crimson imp (D:12)
  A quasit (D:15)
  A hound skeleton (D:11)
  An orc (D:12)
  A fungus (Lair:6)
69 creatures vanquished.

Vanquished Creatures (others)
  2 orb spiders (Spider:1)
  A centaur skeleton (D:13)
  An orc (D:7)
  3 bushes (Lair:6)
  20 fungi
  24 plants
51 creatures vanquished.

Grand Total: 960 creatures vanquished

Notes
Turn   | Place    | Note
-------+----------+-------------------------------------------
     0 | D:1      | Esekla the Spriggan Artificer began the quest for the Orb.
     0 | D:1      | Reached XP level 1. HP: 9/9 MP: 4/4
   187 | D:1      | Reached XP level 2. HP: 5/14 MP: 6/6
   583 | D:2      | Found a basalt altar of Yredelemnul.
   591 | D:2      | Reached skill level 1 in Spellcasting
  1003 | D:2      | Found a glowing golden altar of the Shining One.
  1008 | D:2      | Reached XP level 3. HP: 13/17 MP: 7/7
  1680 | D:3      | Noticed an orc warrior
  1695 | D:3      | Found a shimmering blue altar of Sif Muna.
  1695 | D:3      | Found an ancient bone altar of Kikubaaqudgha.
  1695 | D:3      | Found a stormy altar of Qazlal.
  1852 | D:4      | Reached XP level 4. HP: 15/21 MP: 8/8
  1953 | D:4      | Noticed a phantom
  2010 | D:4      | Found Zoolel's Book Emporium.
  2168 | D:4      | Reached skill level 5 in Dodging
  2168 | D:4      | Reached skill level 2 in Spellcasting
  2436 | D:4      | Reached XP level 5. HP: 25/25 MP: 9/9
  2590 | D:3      | Found a transporter.
  2591 | D:3      | Found a transporter.
  3318 | D:2      | Reached XP level 6. HP: 23/29 MP: 11/11
  4190 | D:4      | Found a runed translucent door.
  4191 | D:4      | Noticed Crazy Yiuf
  4245 | D:4      | Killed Crazy Yiuf
  4267 | D:4      | Found a hide-covered altar of Uskayaw.
  4588 | D:4      | Found an ornate altar of the Wu Jian Council.
  4590 | D:4      | Found a radiant altar of Vehumet.
  4675 | D:5      | Entered Level 5 of the Dungeon
  4796 | D:4      | Identified the +3 mace "Veaturph" {vorpal, Int+2 Dex+4
                  | Stlth+} (You found it on level 4 of the Dungeon)
  4800 | D:4      | Identified the cursed +1 mace "Meczus" {antimagic, SInv}
                  | (You found it on level 4 of the Dungeon)
  4900 | D:5      | Reached skill level 3 in Spellcasting
  5382 | D:5      | Found an ornate altar of the Wu Jian Council.
  5443 | D:5      | Reached XP level 7. HP: 32/32 MP: 12/12
  5480 | D:5      | Reached skill level 5 in Short Blades
  6696 | D:5      | Learned a level 2 spell: Poisonous Vapours
  6700 | D:5      | Learned a level 3 spell: Mephitic Cloud
  6705 | D:5      | Learned a level 4 spell: Olgreb's Toxic Radiance
  7077 | D:6      | Reached skill level 4 in Spellcasting
  7322 | D:6      | Found Qidump's Weapon Emporium.
  7725 | D:7      | Noticed Joseph
  7758 | D:7      | Found a staircase to the Ecumenical Temple.
  7768 | Temple   | Entered the Ecumenical Temple
  7979 | Temple   | Became a worshipper of Gozag Ym Sagoz the Greedy
  8119 | D:6      | Reached skill level 1 in Poison Magic
  8119 | D:6      | Reached XP level 8. HP: 18/36 MP: 10/15
  8413 | D:7      | Reached skill level 1 in Conjurations
  8671 | D:7      | Reached skill level 5 in Spellcasting
  8671 | D:7      | Reached skill level 1 in Air Magic
  8857 | D:4      | Bought a book of Minor Magic for 220 gold pieces
  8904 | D:6      | Reached skill level 5 in Stealth
  8909 | D:6      | Learned a level 1 spell: Magic Dart
  8912 | D:6      | Learned a level 2 spell: Blink
  8916 | D:6      | Learned a level 3 spell: Conjure Flame
  9501 | D:7      | Reached skill level 1 in Throwing
  9501 | D:7      | Reached skill level 1 in Translocations
  9538 | D:7      | Found Zeumut's Distillery.
  9549 | D:7      | Reached skill level 6 in Spellcasting
  9942 | D:7      | Killed Joseph
  9942 | D:7      | Reached skill level 1 in Fire Magic
  9942 | D:7      | Reached XP level 9. HP: 35/40 MP: 11/19
 10307 | D:7      | Reached skill level 7 in Spellcasting
 10852 | D:8      | Reached skill level 8 in Spellcasting
 11528 | D:8      | Reached XP level 10. HP: 44/44 MP: 14/23
 12211 | D:7      | Bought a potion of degeneration for 13 gold pieces
 12211 | D:7      | Bought 2 potions of degeneration for 26 gold pieces
 12211 | D:7      | Bought a potion of degeneration for 13 gold pieces
 12433 | D:1      | Gained mutation: Your flesh is cold resistant. (rC+)
                  | [potion of mutation]
 12433 | D:1      | Gained mutation: You possess an exceptional clarity of
                  | mind. [potion of mutation]
 12822 | D:9      | Found a staircase to the Lair.
 12901 | D:9      | Learned a level 4 spell: Summon Lightning Spire
 12935 | Lair:1   | Entered Level 1 of the Lair of Beasts
 13145 | Lair:1   | Noticed a spiny frog
 13186 | Lair:1   | Killed a spiny frog
 13313 | Lair:1   | Reached skill level 9 in Spellcasting
 13386 | Lair:1   | Noticed Sonja
 13514 | Lair:1   | Killed Sonja
 13514 | Lair:1   | Reached skill level 5 in Air Magic
 14045 | D:9      | Reached skill level 5 in Poison Magic
 14373 | D:9      | Got an encrusted leather armour
 14574 | D:9      | Reached skill level 1 in Summonings
 14621 | D:10     | Entered Level 10 of the Dungeon
 14655 | D:10     | Found Mysetunt's Antique Weapon Shoppe.
 14665 | D:10     | Noticed Maurice
 14678 | D:10     | Noticed Maggie
 14683 | D:10     | Killed Maurice
 14901 | D:10     | Noticed a two-headed ogre
 14911 | D:10     | Killed a two-headed ogre
 14911 | D:10     | Reached XP level 11. HP: 31/48 MP: 16/25
 15361 | D:6      | Bought the +10 falchion "Jeron" {flame, MR+ Dex+7} for 909
                  | gold pieces
 15841 | Lair:2   | Found a hole to the Spider Nest.
 15925 | Lair:2   | Got a warped leather armour
 16040 | Lair:2   | Reached skill level 1 in Long Blades
 16043 | Lair:2   | Reached skill level 10 in Spellcasting
 17098 | D:10     | Noticed Snorg
 17249 | D:10     | Killed Maggie
 17304 | D:10     | Killed Snorg
 17384 | D:10     | Noticed Nergalle
 17402 | D:10     | Killed Nergalle
 17738 | D:11     | Found a runed translucent gate.
 17738 | D:11     | Found a runed translucent gate.
 17738 | D:11     | Found a runed translucent gate.
 17738 | D:11     | Found an opulent altar of Gozag.
 17738 | D:11     | Noticed a deep troll earth mage
 17738 | D:11     | Noticed robby's ghost (journeyman GrEE)
 17774 | D:11     | Reached skill level 1 in Fighting
 17944 | D:11     | Noticed Urug
 17958 | D:11     | Killed Urug
 18405 | D:11     | Noticed a six-headed hydra
 18422 | D:11     | Killed a five-headed hydra
 18721 | D:11     | Reached skill level 10 in Dodging
 18733 | D:11     | Noticed Harold
 18760 | D:11     | Reached skill level 11 in Spellcasting
 18760 | D:11     | Reached XP level 12. HP: 33/53 MP: 13/28
 18787 | D:11     | Killed Harold
 18996 | D:11     | Noticed a vault guard
 19015 | D:11     | Killed a vault guard
 19155 | D:11     | Found a portal to a secret trove of treasure.
 19560 | D:12     | Noticed a six-headed hydra
 19585 | D:12     | Killed a four-headed hydra
 19835 | D:12     | Found a staircase to the Orcish Mines.
 20621 | D:12     | Learned a level 1 spell: Apportation
 21662 | Orc:1    | Entered Level 1 of the Orcish Mines
 22028 | Orc:1    | Noticed a two-headed ogre
 22036 | D:12     | Reached skill level 12 in Spellcasting
 22077 | D:12     | Killed a two-headed ogre
 22233 | Orc:1    | Noticed an orc warlord
 22267 | D:12     | Killed an orc warlord
 22756 | Orc:2    | Entered Level 2 of the Orcish Mines
 22909 | Orc:2    | Found a roughly hewn altar of Beogh.
 22930 | Orc:2    | Found Pibas's Magic Scroll Shoppe.
 22956 | Orc:2    | Bought a scroll of identify for 22 gold pieces
 22956 | Orc:2    | Bought a scroll of identify for 22 gold pieces
 22956 | Orc:2    | Bought 2 scrolls of blinking for 165 gold pieces
 22956 | Orc:2    | Bought a scroll of identify for 22 gold pieces
 23004 | Orc:2    | Found a staircase to the Elven Halls.
 23049 | Orc:2    | Found a roughly hewn altar of Beogh.
 23129 | Orc:2    | Noticed an orc high priest
 23139 | Orc:2    | Noticed an orc high priest
 23159 | Orc:2    | Killed an orc high priest
 23159 | Orc:2    | Reached XP level 13. HP: 25/58 MP: 10/30
 23438 | Orc:2    | Noticed an orc warlord
 23489 | Orc:2    | Killed an orc warlord
 23489 | Orc:2    | Reached skill level 5 in Long Blades
 24005 | Orc:2    | Found Qoarpheng's Antique Weapon Emporium.
 24006 | Orc:2    | Found a roughly hewn altar of Beogh.
 24013 | Orc:2    | Found Jabaffef's Antique Armour Shoppe.
 24585 | Orc:2    | Noticed an ettin
 24759 | Orc:2    | Found a roughly hewn altar of Beogh.
 24783 | Orc:2    | Killed an ettin
 25206 | Orc:2    | Found a roughly hewn altar of Beogh.
 25207 | Orc:2    | Found Tafeev's Book Shoppe.
 25306 | Orc:2    | Found a roughly hewn altar of Beogh.
 25408 | Orc:1    | Noticed Jorgrun
 27340 | Orc:2    | Killed Jorgrun
 28495 | Lair:3   | Reached skill level 13 in Spellcasting
 28815 | Lair:3   | Found a staircase to the Swamp.
 29123 | Lair:3   | Noticed Rupert
 29201 | Lair:3   | Killed Rupert
 29201 | Lair:3   | Reached skill level 5 in Summonings
 30314 | Lair:4   | Found a transporter.
 30317 | Lair:4   | Noticed Juxtaluv's ghost (journeyman DrCj)
 30335 | Lair:4   | Reached XP level 14. HP: 44/63 MP: 25/32
 30386 | Lair:4   | Found a transporter.
 30857 | Lair:4   | Noticed Josephine
 30921 | Lair:4   | Killed Josephine
 31493 | D:3      | Noticed Rotter5's ghost (amateur DsNe)
 31527 | D:3      | Killed Rotter5's ghost
 32030 | Swamp:1  | Entered Level 1 of the Swamp
 32553 | Lair:4   | Got a twisted robe
 32557 | Lair:4   | Got an encrusted cloak
 32579 | Lair:4   | Identified the -1 cloak of Good Intentions {rElec rF-
                  | Dex+6} (You found it on level 4 of the Lair of Beasts)
 32580 | Lair:4   | Identified the +1 robe "Deets" {MR- MP+9 Int+4} (You found
                  | it on level 4 of the Lair of Beasts)
 33981 | Lair:6   | Entered Level 6 of the Lair of Beasts
 34067 | Lair:6   | Found a frozen archway.
 34200 | Lair:6   | Found a runed translucent door.
 34237 | IceCv    | Entered an ice cave
 34917 | IceCv    | Learned a level 3 spell: Tukima's Dance
 34924 | IceCv    | Learned a level 6 spell: Invisibility
 35469 | Lair:5   | Reached skill level 14 in Spellcasting
 36213 | Lair:6   | Reached skill level 1 in Hexes
 36775 | Lair:6   | Found a viscous altar of Jiyva.
 38135 | Lair:6   | Reached XP level 15. HP: 57/66 MP: 24/34
 38537 | Lair:6   | Noticed an acid blob
 38538 | Lair:6   | Found a staircase to the Slime Pits.
 39528 | Lair:6   | Reached skill level 15 in Spellcasting
 41068 | D:13     | Reached skill level 10 in Air Magic
 42169 | D:13     | Found Cichec's Antique Weapon Emporium.
 42662 | D:13     | Found a gate to the Vaults.
 42732 | D:13     | Upgraded the game from 0.25-a0-589-g1e14c549ee to
                  | 0.25-a0-591-g2ad0d861f1
 43100 | D:14     | Noticed Louise
 43120 | D:14     | Killed Louise
 43150 | D:14     | Noticed Nessos
 43303 | D:14     | Noticed Agnes
 43320 | D:14     | Killed Agnes
 43382 | D:14     | Learned a level 5 spell: Aura of Abjuration
 43469 | D:14     | Noticed Frances
 43504 | D:14     | Killed Frances
 43624 | D:14     | Killed Nessos
 43683 | D:14     | Reached skill level 5 in Hexes
 43687 | D:14     | Reached skill level 5 in Conjurations
 43880 | D:14     | Reached skill level 16 in Spellcasting
 44563 | D:15     | Entered Level 15 of the Dungeon
 44564 | D:15     | Found a radiant altar of Vehumet.
 44570 | D:15     | Found an opulent altar of Gozag.
 44640 | D:15     | Reached skill level 10 in Long Blades
 44699 | D:15     | HP: 3/66 [emperor scorpion (29)]
 44963 | D:15     | Reached XP level 16. HP: 68/70 MP: 26/37
 45697 | D:15     | Learned a level 5 spell: Bolt of Magma
 46815 | D:15     | Found a staircase to the Depths.
 47594 | Spider:1 | Entered Level 1 of the Spider Nest
 50743 | Lair:6   | HP: 2/70 [acid blob/splash of acid (7)]
 50743 | Lair:6   | Splashed by an acid blob's acid

Levels and vault maps discovered:
D:1:      lemuel_arrival_lava_pool, layout_loops_ring
D:2:      layout_basic, tso_oasis_becter, lemuel_crystal_altar
D:3:      layout_rooms, gammafunk_temple_overflow_claw,
          gammafunk_ghost_gnarly_gnolls
D:4:      layout_basic, nicolae_overflow_hidden_temple, serial_shops,
          nicolae_shop_waterfront, uniq_crazy_yiuf_cottage
D:5:      layout_basic, first_ration, basic_altar, kennysheep_generic_room_12
D:6:      layout_loops_cross, serial_shops, shop_statue
D:7:      layout_loops_cross, minmay_temple_entry_statues_fountains,
          serial_shops, nicolae_shop_waterfront, grunt_livestock, uniq_joseph
D:8:      minmay_clustersquares, layout_basic
D:9:      layout_basic, grunt_lair_entry_orc_guard_hut
D:10:     layout_layer_cave, serial_shops, nicolae_shop_overgrown_old_shop,
          uniq_maggie, uniq_snorg, uniq_nergalle, uniq_maurice
D:11:     layout_loops_ring, ebering_ghost_gozag, enter_trove_5,
          minmay_misc_feat_x, kennysheep_generic_room_6, uniq_harold, uniq_urug
D:12:     layout_cave_pods, erik_orc_3, serial_column_ruins,
          column_ruins_circle_medium, column_ruins_hut_ruined,
          column_ruins_columns_corner, column_ruins_columns_straight,
          column_ruins_open_small
D:13:     layout_grid_maze, grunt_vaults_entry_tiered, serial_shops, shop
D:14:     layout_loops_cross, infiniplex_staircase_river, uniq_frances,
          uniq_louise, uniq_nessos, uniq_agnes
D:15:     hangedman_depths_entry_try_elsewhere_first, layout_cave_pools,
          lemuel_crystal_altar, basic_altar, minmay_fractal_squares_diagonal_5
Temple:   dpeg_chambers_temple
Lair:1:   layout_gridlike, lemuel_fruit_tree, grunt_megastairs_3, uniq_sonja
Lair:2:   layout_regular_city, spider_nest_entry_web_field
Lair:3:   layout_cave_pods, skrybe_swamp_entry_bodies, uniq_rupert
Lair:4:   layout_small_grid, gammafunk_ghost_berserking_beasts, worms_lemuel,
          uniq_josephine
Lair:5:   layout_gridlike, infiniplex_staircase_pool_2
Lair:6:   hangedman_lair_caniforms_friends, layout_regular_city,
          hangedman_lair_in_review, slime_altar_2,
          portal_ice_cave_entry_ice_beasts, gauntlet_entry_generic,
          guppyfry_lair_drakes
Swamp:1:  layout_basic_swamp, evilmike_swamp_ruin_house_1, uniq_donald
Spider:1: layout_spider_delve
Orc:1:    layout_caves, uniq_jorgrun
Orc:2:    grunt_orc_community_town_hall, layout_diamond_mine,
          grunt_orc_community_big_house_1, grunt_orc_community_big_house_1,
          grunt_orc_community_house_2, grunt_orc_community_house_1,
          grunt_orc_community_house_3, grunt_orc_community_house_3, basic_altar

Skill      XL: |  1  2  3  4  5  6  7  8  9 10 11 12 13 14 15 16 |
---------------+-------------------------------------------------+-----
Spellcasting   | 1 2 3 4 6 8 9 11 12 13 14 16 | 16.6
Dodging        | 4 5 6 7 10 11 12 | 12.7
Stealth        | 2 3 4 5 7 |  7.2
Short Blades   | 2 3 4 5 6 7 8 9 |  9.8
Poison Magic   | 1 3 4 5 6 |  6.3
Conjurations   | 1 2 3 4 5 |  5.1
Air Magic      | 3 4 5 6 7 8 9 10 | 10.6
Throwing       | 1 2 |  2.2
Translocations | 2 4 |  4.9
Fire Magic     | 1 2 3 4 |  4.2
Summonings     | 1 3 4 5 6 7 |  7.4
Long Blades    | 3 4 6 8 10 | 10.3
Fighting       | 1 2 |  2.0
Hexes          | 2 5 6 |  6.1
Earth Magic    | |  0.9
Evocations     | |  4.0

Action                   |  1- 3 |  4- 6 |  7- 9 | 10-12 | 13-15 | 16-18 || total
-------------------------+-------+-------+-------+-------+-------+-------++-------
Melee: Short sword       |   110 |   128 |   148 |    99 |       |       ||   485
       Trident           |     2 |       |    28 |    55 |       |       ||    85
       Dagger            |       |       |    17 |       |     1 |       ||    18
       Mace              |       |       |     8 |       |       |       ||     8
       Falchion          |       |       |       |   343 |  1355 |   200 ||  1898
       Lance             |       |       |       |     7 |   109 |     2 ||   118
       Demon trident     |       |       |       |     1 |       |       ||     1
       Long sword        |       |       |       |       |    40 |    10 ||    50
Throw: Boomerang         |       |     7 |    24 |    15 |    67 |    27 ||   140
       Dart              |       |       |     3 |    40 |    54 |     6 ||   103
 Cast: Poisonous Vapours |       |       |    90 |   191 |   343 |    74 ||   698
       Mephitic Cloud    |       |       |    11 |    50 |    90 |     9 ||   160
       Magic Dart        |       |       |    21 |    67 |    71 |    18 ||   177
       Conjure Flame     |       |       |     8 |    26 |    58 |     4 ||    96
       Summon Lightning  |       |       |       |    13 |    48 |    12 ||    73
       Blink             |       |       |       |     8 |    14 |     7 ||    29
       Apportation       |       |       |       |       |     3 |     1 ||     4
       Bolt of Magma     |       |       |       |       |       |     3 ||     3
       Invisibility      |       |       |       |       |       |     1 ||     1
Evoke: Wand              |     3 |       |       |     2 |     4 |       ||     9
  Use: Potion            |     2 |     1 |     1 |     5 |     5 |     7 ||    21
       Scroll            |       |     8 |     5 |     9 |    20 |     2 ||    44
 Stab: Sleeping          |     4 |     4 |     3 |    18 |    18 |     1 ||    48
       Invisible         |     1 |       |       |     1 |    14 |    12 ||    28
       Distracted        |       |       |     1 |     6 |    22 |       ||    29
       Confused          |       |       |     6 |    32 |    86 |     9 ||   133
  Eat: Ration            |       |     1 |     5 |     6 |    13 |     3 ||    28
Armor: Robe              |     5 |     7 |     9 |    35 |    67 |     9 ||   132
Dodge: Dodged            |   109 |   114 |   143 |   451 |  1327 |   328 ||  2472
Block: Other             |       |       |       |    33 |    89 |    21 ||   143
       Reflection        |       |       |       |     2 |     2 |       ||     4
       Rpst.: Falchion   |       |       |       |    96 |   297 |    51 ||   444
       Long sword        |       |       |       |       |     9 |       ||     9

Table legend:
 A = Non-vault XP
 B = Vault XP
 C = Vault XP percentage of total XP
 D = Non-vault monster count
 E = Vault monster count
 F = Vault count percentage of total count
                 A         B        C        D         E       F
            +---------+---------+-------+---------+---------+-------
      Total |  104741 |   69408 |  39.9 |     622 |     289 |  31.7
            +---------+---------+-------+---------+---------+-------
        D:1 |      27 |       0 |   0.0 |      17 |       0 |   0.0
        D:2 |      53 |       0 |   0.0 |      13 |       0 |   0.0
        D:3 |     427 |     274 |  39.1 |      26 |       9 |  25.7
        D:4 |     225 |      41 |  15.4 |      16 |       1 |   5.9
        D:5 |     641 |       2 |   0.3 |      17 |       1 |   5.6
        D:6 |     559 |       0 |   0.0 |      20 |       0 |   0.0
        D:7 |     799 |    1291 |  61.8 |      11 |       6 |  35.3
        D:8 |    1313 |     748 |  36.3 |      21 |      10 |  32.3
        D:9 |    1157 |     384 |  24.9 |      23 |       4 |  14.8
       D:10 |    2342 |    2453 |  51.2 |      29 |       4 |  12.1
       D:11 |    2527 |    4829 |  65.6 |      12 |      10 |  45.5
       D:12 |   10320 |     778 |   7.0 |      63 |      14 |  18.2
       D:13 |    6279 |    6790 |  52.0 |      35 |      25 |  41.7
       D:14 |   17789 |    5548 |  23.8 |      44 |       4 |   8.3
       D:15 |    8116 |    5380 |  39.9 |      20 |      17 |  45.9
     Lair:1 |    1648 |     815 |  33.1 |      11 |       2 |  15.4
     Lair:2 |    5832 |       0 |   0.0 |      26 |       0 |   0.0
     Lair:3 |    3914 |    2468 |  38.7 |      15 |       2 |  11.8
     Lair:4 |    8398 |    2657 |  24.0 |      36 |       9 |  20.0
     Lair:5 |    7897 |     806 |   9.3 |      21 |       1 |   4.5
     Lair:6 |    9318 |   20921 |  69.2 |      37 |      88 |  70.4
    Swamp:1 |     277 |       0 |   0.0 |       1 |       0 |   0.0
   Spider:1 |    7685 |       0 |   0.0 |      22 |       0 |   0.0
      Orc:1 |    2356 |       0 |   0.0 |      33 |       0 |   0.0
      Orc:2 |    4842 |   10383 |  68.2 |      53 |      71 |  57.3
      IceCv |       0 |    2840 | 100.0 |       0 |      11 | 100.0
            +---------+---------+-------+---------+---------+-------
